 Dungeon Crawl Stone Soup version 0.27.0-1-g7a089689b8 (webtiles) character file.

Game seed: 8492710480614612618

26 ZombieSheep the Quickloader (level 3, -6/31 HPs)
             Began as a Gnoll Hunter on Aug 7, 2021.
             Was a Believer of Zin.
             Mangled by a worm (10 damage)
             ... on level 2 of the Dungeon.
             The game lasted 00:01:39 (1207 turns).

ZombieSheep the Quickloader (Gnoll Hunter)          Turns: 1207, Time: 00:01:39

Health: -6/31      AC:  4    Str: 12    XL:     3   Next: 8%
Magic:  3/3        EV: 13    Int: 10    God:    Zin [**....]
Gold:   99         SH:  0    Dex: 12    Spells: 3/3 levels left

rFire    . . .     SeeInvis .   b - +0 short sword
rCold    . . .     Faith    .   (no shield)
rNeg     . . .     Spirit   .   c - +0 leather armour
rPois    .         Reflect  .   e - +0 helmet
rElec    .         Harm     .   (no cloak)
rCorr    .         Rampage  .   (no gloves)
Will     .....                  (no boots)
Stlth    ++........             (no amulet)
HPRegen  0.10/turn              (no ring)
MPRegen  0.08/turn              (no ring)

@: no status effects
A: fangs 1, strong nose, distributed training
a: Renounce Religion, Recite, Vitalisation, Donate Gold


You were on level 2 of the Dungeon.
You worshipped Zin.
Zin was pleased with you.
You visited 1 branch of the dungeon, and saw 2 of its levels.

You collected 109 gold pieces.
You donated 10 gold pieces to Zin.

Inventory:

Hand Weapons
 a - a +1 hand crossbow
 b - a +0 short sword (weapon)
Missiles
 d - 18 bolts
Armour
 c - a +0 leather armour (worn)
 e - a +0 helmet (worn)
Jewellery
 f - a +6 ring of dexterity
Scrolls
 g - a scroll of noise {unknown}
 h - 2 scrolls of identify


   Skills:
 + Level 4.5 Fighting
 + Level 0.6 Short Blades
 + Level 0.6 Long Blades
 + Level 0.6 Axes
 + Level 0.6 Maces & Flails
 + Level 0.6 Polearms
 + Level 0.6 Staves
 + Level 0.6 Slings
 + Level 0.6 Bows
 + Level 8.5 Crossbows
 + Level 0.6 Throwing
 + Level 0.6 Armour
 + Level 4.5 Dodging
 + Level 2.3 Stealth
 + Level 0.6 Shields
 + Level 0.6 Unarmed Combat
 + Level 0.6 Spellcasting
 + Level 0.4 Conjurations
 + Level 0.4 Hexes
 + Level 0.4 Summonings
 + Level 0.4 Necromancy
 + Level 0.4 Translocations
 + Level 0.4 Transmutations
 + Level 0.4 Fire Magic
 + Level 0.4 Ice Magic
 + Level 0.4 Air Magic
 + Level 0.4 Earth Magic
 + Level 0.4 Poison Magic
 + Level 0.8 Invocations
 + Level 0.6 Evocations


You had 3 spell levels left.
You didn't know any spells.
Your spell library was empty.

Dungeon Overview and Level Annotations

Branches:
Dungeon (2/15)

Altars:
Zin


Innate Abilities, Weirdness & Mutations

You have very sharp teeth.
Your uncanny sense of smell can sniff out nearby items.
Your experience applies equally to all skills.


Message History

Found a robe.
A worm comes into view.
Found a stone staircase leading down.
The helpless worm fails to defend itself.
You hit the worm.
The worm is lightly wounded.
The worm bites you.
You hit the worm but do no damage.
The worm is lightly wounded.
You hit the worm. You bite the worm.
The worm is moderately wounded.
The worm bites you but does no damage.
You hit the worm.
The worm is heavily wounded.
The worm bites you.
You hit the worm but do no damage.
The worm is moderately wounded.
You barely miss the worm.
The worm is moderately wounded.
The worm bites you!
* * * LOW HITPOINT WARNING * * *
You are too injured to fight recklessly!
You barely miss the worm.
The worm is moderately wounded.
The worm barely misses you.
You hit the worm.
The worm is severely wounded.
You hit the worm but do no damage.
The worm is severely wounded.
The worm bites you but does no damage.
You hit the worm but do no damage.
The worm is heavily wounded.
You hit the worm but do no damage.
The worm is heavily wounded.
The worm bites you.
* * * LOW HITPOINT WARNING * * *
You hit the worm.
The worm is severely wounded.
The worm bites you!
You die...

#..########......
.. #..### #.##...
#. #....# #.#....
#.# ##.#.#
#.#..#. .. #.#.#
#.#....
###.###.#.#
#.#..#.
[.........#
#.####.
######.##.###
#......
......w@..#
#######
#######.#.# #...#
##..# .... .#.##
..#.. ∆ >#.


You could see a worm.

Vanquished Creatures
  5 endoplasms
  3 giant cockroaches (D:1)
  A goblin (D:2)
  A hobgoblin (D:1)
  4 ball pythons (D:1)
  3 bats (D:1)
  3 frilled lizards
  2 kobolds (D:1)
  2 rats (D:1)
24 creatures vanquished.

Vanquished Creatures (others)
  3 fungi (D:1)
3 creatures vanquished.

Grand Total: 27 creatures vanquished

Notes
Turn   | Place    | Note
-------+----------+-------------------------------------------
     0 | D:1      | ZombieSheep the Gnoll Hunter began the quest for the Orb.
     0 | D:1      | Reached XP level 1. HP: 20/20 MP: 1/1
   325 | D:1      | Reached XP level 2. HP: 25/26 MP: 2/2
  1084 | D:1      | Found a faded altar of an unknown god.
  1088 | D:1      | Became a worshipper of Zin the Law-Giver
  1088 | D:1      | Reached * piety under Zin
  1153 | D:2      | Reached XP level 3. HP: 31/31 MP: 3/3
  1189 | D:2      | Reached ** piety under Zin
  1207 | D:2      | Mangled by a worm

Illustrated notes

Levels and vault maps discovered:
D:1:      matt_arrival_diagonals, layout_loops_cross,
          shapermc_ecumenical_altar_petra
D:2:      layout_basic

Action                   || total
-------------------------++-------
Melee: Short sword       ||    66
       Bite              ||     6
 Fire: Hand crossbow     ||    12
  Use: Scroll            ||     1
 Stab: Sleeping          ||     3
Armor: Leather armour    ||    13
Dodge: Dodged            ||    27
